[Event "XVI Memorial Lezcano Montalvo 2024"]
[Site "Gran Canaria"]
[Date "2024.03.26"]
[Round "4.5"]
[White "Kovchan, Alexander"]
[Black "Marrero Rodriguez, Jorge"]
[Result "1-0"]
[ECO "C80"]
[WhiteElo "2477"]
[BlackElo "2177"]
[Annotator "TA"]
[PlyCount "79"]
[EventDate "2024.03.23"]
[EventType "swiss"]
[EventCountry "ESP"]
[SourceTitle "playchess.com"]
[Source "ChessBase"]
[SourceQuality "1"]
[TimeControl "5400+30"]

1. e4 e5 2. Nf3 Nc6 3. Bb5 a6 4. Ba4 Nf6 5. O-O Nxe4 6. d4 b5 7. Bb3 d5 8. dxe5 Be6 9. Nbd2 Nc5 10. c3 d4 11. Bxe6 Nxe6 12. cxd4 Ncxd4 13. Nxd4 Qxd4 14. Qf3 Rd8 15. Qc6+ Qd7 16. Qxa6 Qd5 {[%emt 0:00:17][%cal Od8a8] Prevents Ne4. aiming for ...Ra8! The position is equal.} 17. Qa5 Nd4 (17... Qxe5 $11 18. a4 Be7) 18. Nb3 $1 $14 {[%emt 0:14:04] Black must now prevent Nxd4.} Nc6 19. Qxc7 {[%emt 0:02:48] Strongly threatening Be3.} Nxe5 20. Bf4 Bd6 21. Qc3 b4 (21... O-O $16) 22. Qg3 $18 O-O 23. Rad1 Qe4 24. Rd4 (24. Rde1 Nf3+ 25. gxf3 Qxf4 $14) 24... Qe2 {[%emt 0:00:39] [#]} 25. Rxd6 Rxd6 26. Bxe5 Rg6 27. Qe3 Qa6 28. Qd4 Qb5 29. Bg3 Re8 30. Nc1 Rc6 31. Bf4 Rc4 32. Qd3 Qc6 33. Be3 Rc2 34. Qb3 h5 35. a3 (35. Qxb4 $2 Rxe3 36. Nb3 Re4 $17) 35... Re4 (35... bxa3 {was worth a try.} 36. Qxa3 (36. bxa3 Qc3 $18) 36... Re6) 36. axb4 {[%emt 0:04:56] Hoping for b5.} Rg4 37. g3 h4 {[%emt 0:00:34] [#] ( -> ...hxg3)} 38. b5 $1 Qf3 (38... Qg6 39. Ba7 (39. Nd3 $2 hxg3 $19) 39... Rgc4) 39. Qxc2 h3 40. Qc6 {[%emt 0:00:26] Black got outplayed after the opening.   Weighted Error Value: White=0.08 (flawless) /Black=0.20 (precise) .  Mistake:       	---       	Black=4      Inaccurate:     	White=1     	Black=1      OK:         	White=17    	Black=8      Best:        	White=3     	Black=2      Strong:       	White=2     	---} ({Avoid the trap} 40. Qc8+ $2 Kh7 $19) 1-0

[Event "XVI Memorial Lezcano Montalvo 2024"]
[Site "Gran Canaria"]
[Date "2024.03.26"]
[Round "4.6"]
[White "Tytynnik, Artem"]
[Black "Kurajica, Bojan"]
[Result "0-1"]
[ECO "E04"]
[WhiteElo "2197"]
[BlackElo "2444"]
[Annotator "RC"]
[PlyCount "150"]
[EventDate "2024.03.23"]
[EventType "swiss"]
[EventCountry "ESP"]
[SourceTitle "playchess.com"]
[Source "ChessBase"]
[SourceQuality "1"]
[TimeControl "5400+30"]

1. d4 Nf6 2. c4 e6 3. g3 d5 4. Nf3 a6 5. Bg2 dxc4 6. Ne5 Bb4+ 7. Nc3 Nd5 8. Bd2 Nb6 9. e3 N8d7 10. Qh5 O-O 11. Ne4 Qe7 12. a3 Bxd2+ 13. Nxd2 Nxe5 14. Qxe5 f6 15. Qa5 e5 16. dxe5 Bf5 17. e4 Bg6 18. O-O fxe5 19. Rac1 Bf7 20. Rfd1 Rad8 21. Nf1 Rd4 22. Ne3 Rfd8 23. Bf3 Bg6 24. Rxd4 Rxd4 25. Be2 Bxe4 26. Nxc4 Nxc4 27. Bxc4+ Kh8 28. Bf1 Bc6 29. Re1 Rd5 30. Qc3 Rc5 31. Qe3 Qd6 32. Bg2 Bxg2 33. Kxg2 h6 34. b4 Rd5 35. Qf3 b6 36. h4 a5 37. Qg4 axb4 38. axb4 Rd4 39. Qc8+ Kh7 40. Qf5+ Qg6 41. Qxe5 Rxh4 42. b5 Rh5 43. Qxc7 Rxb5 44. Qc8 Rc5 45. Qd8 Qc6+ 46. Kg1 Rd5 47. Qe7 Rh5 48. Qe4+ Qxe4 49. Rxe4 Rb5 50. Kf1 Rb2 51. Re6 b5 52. Rb6 b4 53. Ke1 h5 54. Rb5 Kh6 55. Kf1 b3 56. Ke1 Rb1+ 57. Kd2 g5 58. Rb6+ Kg7 59. Rb7+ Kf6 60. Rb5 Kg6 61. f4 gxf4 62. gxf4 b2 63. Rg5+ Kh6 64. Kc2 Rf1 65. Kxb2 Rxf4 66. Rc5 h4 67. Kc2 h3 68. Kd3 h2 69. Rc1 Rh4 70. Rh1 Kg5 71. Ke3 Kg4 72. Kf2 Kh3 73. Rc1 Rf4+ 74. Ke3 Rg4 75. Kf2 Rg2+ 0-1

[Event "XVI Memorial Lezcano Montalvo 2024"]
[Site "Gran Canaria"]
[Date "2024.03.26"]
[Round "4.7"]
[White "Omelja, Artem"]
[Black "Akhvlediani, Irakli"]
[Result "1/2-1/2"]
[ECO "A73"]
[WhiteElo "2438"]
[BlackElo "2356"]
[Annotator "TA"]
[PlyCount "54"]
[EventDate "2024.03.23"]
[EventType "swiss"]
[EventCountry "ESP"]
[SourceTitle "playchess.com"]
[Source "ChessBase"]
[SourceQuality "1"]
[TimeControl "5400+30"]

1. d4 Nf6 2. c4 e6 3. Nf3 c5 4. d5 d6 5. Nc3 exd5 6. cxd5 g6 7. Nd2 Bg7 8. e4 O-O 9. Be2 Na6 10. O-O Nc7 11. a4 a6 12. h3 Re8 13. Qc2 (13. Re1 $14) 13... Rb8 $11 {[%emt 0:00:28] The position is equal.} ({Don't play} 13... Nfxd5 14. exd5 Bxc3 15. Qxc3 $16) 14. Nc4 b5 15. axb5 Nxb5 (15... axb5 $142 16. Na5 Bb7) 16. Nxb5 axb5 17. Na5 Bd7 ({Of course not} 17... Nxe4 $6 18. Nc6 Qc7 19. Nxb8 Qxb8 20. g4 $14) 18. Bf3 Qe7 19. Bg5 Qe5 20. Bxf6 Qxf6 21. Nc6 $1 Rbc8 (21... Bxc6 $15 22. dxc6 Qxb2 23. Qxb2 Bxb2) 22. e5 dxe5 $15 23. Qxc5 e4 24. Bg4 Bxg4 25. hxg4 Bf8 $1 {[%emt 0:00:18] Repels d6} 26. Qe3 Bd6 27. g3 $1 {[%emt 0:03:51] Repels Qh4} Qxb2 {[%emt 0:12:07] Weighted Error Value: White=0.14 (very precise) /Black=0.15 (very precise) .  Mistake:       	White=2     	Black=2      Inaccurate:     	White=3     	Black=1      OK:         	White=6     	Black=5      Best:        	---       	Black=2      Strong:       	White=2     	Black=1} 1/2-1/2

[Event "XVI Memorial Lezcano Montalvo 2024"]
[Site "Gran Canaria"]
[Date "2024.03.26"]
[Round "4.8"]
[White "Yankelevich, Lev"]
[Black "Hernando Rodrigo, Jose Maria"]
[Result "1-0"]
[ECO "D28"]
[WhiteElo "2412"]
[BlackElo "2257"]
[Annotator "RC"]
[PlyCount "51"]
[EventDate "2024.03.23"]
[EventType "swiss"]
[EventCountry "ESP"]
[SourceTitle "playchess.com"]
[Source "ChessBase"]
[SourceQuality "1"]
[TimeControl "5400+30"]

1. d4 d5 2. c4 dxc4 3. Nf3 Nf6 4. e3 c5 5. Bxc4 e6 6. O-O a6 7. Qe2 Nc6 8. Rd1 Qc7 9. Nc3 Bd6 10. dxc5 Bxc5 11. Bd2 O-O 12. Rac1 Qe7 13. e4 Ng4 14. Be1 Qf6 15. Bb3 Qf4 16. Qd2 Qb8 17. Qg5 Nge5 18. Nxe5 Nxe5 19. Na4 h6 20. Qg3 Ba7 21. Bb4 Bd7 22. Bd6 Qe8 23. Bxe5 f6 24. Bd6 Bxa4 25. Bxf8 Kxf8 26. Rc7 1-0

[Event "XVI Memorial Lezcano Montalvo 2024"]
[Site "Gran Canaria"]
[Date "2024.03.26"]
[Round "4.9"]
[White "Van Zyl-Rudd, Jack"]
[Black "Barlov, Dragan"]
[Result "1/2-1/2"]
[ECO "E38"]
[WhiteElo "2264"]
[BlackElo "2387"]
[Annotator "RC"]
[PlyCount "106"]
[EventDate "2024.03.23"]
[EventType "swiss"]
[EventCountry "ESP"]
[SourceTitle "playchess.com"]
[Source "ChessBase"]
[SourceQuality "1"]
[TimeControl "5400+30"]

1. d4 Nf6 2. c4 e6 3. Nc3 Bb4 4. Qc2 c5 5. dxc5 Bxc5 6. Nf3 Qb6 7. e3 O-O 8. a3 Be7 9. e4 d6 10. Be2 a6 11. O-O Qc7 12. Bf4 Nbd7 13. Rad1 b6 14. b4 Bb7 15. Qd3 Ne5 16. Nxe5 dxe5 17. Be3 a5 18. Qb1 axb4 19. axb4 h6 20. Rd2 Rfd8 21. Rfd1 Rxd2 22. Rxd2 Rd8 23. Rxd8+ Qxd8 24. f3 Qf8 25. Na2 Nd7 26. Qd1 Qc8 27. Qb3 Qc7 28. Nc3 Qd6 29. Na4 Qxb4 30. Qxb4 Bxb4 31. Nxb6 Bc5 32. Bxc5 Nxc5 33. Bd1 Bc6 34. Nc8 Kf8 35. Kf2 Ke8 36. Ke3 Kd7 37. Na7 Kc7 38. Nxc6 Kxc6 39. Kd2 f5 40. exf5 exf5 41. Bc2 f4 42. g3 g5 43. gxf4 gxf4 44. Kc3 Kb6 45. Bd1 Ka5 46. Bc2 Kb6 47. Bd1 Kc6 48. Bc2 Kc7 49. Bd1 Kd6 50. Bc2 Na6 51. Bf5 Nc5 52. Bc2 Kc6 53. Bd1 Kb6 1/2-1/2

[Event "XVI Memorial Lezcano Montalvo 2024"]
[Site "Gran Canaria"]
[Date "2024.03.26"]
[Round "4.10"]
[White "Garcia Padron, Jose"]
[Black "Oudeh Mishmesh, Omar"]
[Result "0-1"]
[ECO "A01"]
[WhiteElo "2385"]
[BlackElo "2301"]
[Annotator "RC"]
[PlyCount "104"]
[EventDate "2024.03.23"]
[EventType "swiss"]
[EventCountry "ESP"]
[SourceTitle "playchess.com"]
[Source "ChessBase"]
[SourceQuality "1"]
[TimeControl "5400+30"]

1. b3 e5 2. Bb2 Nc6 3. e3 Nf6 4. Bb5 Bd6 5. Na3 Na5 6. Be2 a6 7. c4 Nc6 8. Nc2 Be7 9. d4 exd4 10. exd4 d5 11. Nf3 O-O 12. Ne5 Ne4 13. f3 Bb4+ 14. Kf1 Bc3 15. fxe4 Bxb2 16. Nxc6 Qf6+ 17. Kg1 Bxa1 18. Ne5 Bc3 19. cxd5 Re8 20. Bf3 Bxd4+ 21. Qxd4 Qxe5 22. Kf2 f5 23. Re1 Qxd4+ 24. Nxd4 fxe4 25. Bxe4 Bd7 26. Kf3 Rf8+ 27. Kg3 Rae8 28. Ne6 Bxe6 29. dxe6 c6 30. b4 Rf6 31. Bc2 Kf8 32. Bb3 Ke7 33. h4 Rd8 34. Re4 Rd2 35. Kh3 g6 36. Rg4 Rf5 37. Re4 Rff2 38. Rg4 Kf6 39. h5 g5 40. h6 Rd3+ 41. Kh2 Rf4 42. e7 Re3 43. Rg3 Rxe7 44. Rd3 Rh4+ 45. Kg3 Rxh6 46. Kf3 Rh4 47. a3 Rf4+ 48. Kg3 h5 49. Rd6+ Ke5 50. Rg6 Rg4+ 51. Kh3 Kd4 52. Bd1 Re3+ 0-1

[Event "XVI Memorial Lezcano Montalvo 2024"]
[Site "Gran Canaria"]
[Date "2024.03.26"]
[Round "4.11"]
[White "Garcia Blanco, Omar"]
[Black "Estremera Panos, Sergio"]
[Result "1-0"]
[ECO "B68"]
[WhiteElo "2377"]
[BlackElo "2233"]
[Annotator "RC"]
[PlyCount "127"]
[EventDate "2024.03.23"]
[EventType "swiss"]
[EventCountry "ESP"]
[SourceTitle "playchess.com"]
[Source "ChessBase"]
[SourceQuality "1"]
[TimeControl "5400+30"]

1. e4 c5 2. Nf3 Nc6 3. d4 cxd4 4. Nxd4 Nf6 5. Nc3 d6 6. Bg5 e6 7. Qd2 Be7 8. O-O-O a6 9. f4 Bd7 10. Nf3 b5 11. a3 b4 12. axb4 Nxb4 13. Bc4 Qc7 14. Qe2 O-O 15. e5 dxe5 16. fxe5 Nfd5 17. Bxd5 Bxg5+ 18. Nxg5 exd5 19. Nxd5 Nxd5 20. Rxd5 Bf5 21. Rf1 Bg6 22. e6 fxe6 23. Rxf8+ Rxf8 24. Nxe6 Rf1+ 25. Rd1 Rxd1+ 26. Qxd1 Qa5 27. Qd8+ Qxd8 28. Nxd8 Kf8 29. Ne6+ Ke7 30. Nc5 a5 31. Kd2 Bf7 32. Ke3 Bd5 33. g3 Kd6 34. Kd4 h6 35. c4 Bf3 36. Nb3 a4 37. Nc5 Bc6 38. Nd3 Be8 39. Ne5 Ke6 40. c5 Bb5 41. Nc4 g5 42. Nd6 Bc6 43. Kc4 h5 44. Kb4 h4 45. Ka5 hxg3 46. hxg3 Kd5 47. Kb6 Bd7 48. Nb5 Ke4 49. c6 Bh3 50. Nd6+ Kd3 51. Ka5 Kc2 52. Kxa4 Kxb2 53. Kb4 Kc2 54. Kc4 Kd2 55. Kd4 Ke2 56. Ne4 Bc8 57. Nxg5 Kf2 58. Ne4+ Kf3 59. Ke5 Ba6 60. Nd6 Kxg3 61. c7 Kg4 62. Kd5 Kf4 63. Kc6 Ke5 64. Nb7 1-0

[Event "XVI Memorial Lezcano Montalvo 2024"]
[Site "Gran Canaria"]
[Date "2024.03.26"]
[Round "4.12"]
[White "Perez Garcia, Jimena"]
[Black "Strikovic, Aleksa"]
[Result "0-1"]
[ECO "A91"]
[WhiteElo "1992"]
[BlackElo "2430"]
[Annotator "TA"]
[PlyCount "74"]
[EventDate "2024.03.23"]
[EventType "swiss"]
[EventCountry "ESP"]
[SourceTitle "playchess.com"]
[Source "ChessBase"]
[SourceQuality "1"]
[TimeControl "5400+30"]

1. d4 f5 2. g3 Nf6 3. Bg2 e6 4. Nh3 d6 5. O-O Be7 6. c4 O-O 7. b3 e5 8. Bb2 e4 9. d5 c6 10. Nd2 (10. Qd2 $14) 10... Na6 {[%emt 0:00:43] The position is equal.} 11. f3 cxd5 12. cxd5 Nxd5 {[%emt 0:00:19] [#] ...Ne3 would now be deadly.} 13. Nxe4 $1 Be6 (13... Nab4 $5 14. a3 fxe4 15. axb4 Be6 $11 (15... Nxb4 16. Qd2 $11)) 14. Qd4 Rf7 15. Nc3 (15. Nhg5 $11 {keeps the balance.} Bxg5 16. Nxg5 Qxg5 17. f4) 15... Bf6 $17 16. Qd2 {[%emt 0:00:00] [#]} (16. Qd3 $17) 16... Qa5 $1 $36 {[%emt 0:01:46][%mdl 2048] Black is really pushing.} (16... Qb6+ 17. Nf2 Qa5 18. Rac1 $19) 17. Rac1 {[%emt 0:00:00] [#]} Rc8 (17... Rc7 $1 $19 18. Ng5 Bxc3 (18... Bxg5 19. Qxg5 Nxc3 20. Qe3 $19) 19. Bxc3 Nxc3 20. Nxe6 Re8 21. Rxc3 (21. Nxc7 $2 Nxe2+ $19) 21... Qxc3 22. Qxc3 Rxc3) 18. Nf4 $2 {[%emt 0:00:00][%mdl 8192] Loses the game.} (18. Ng5 $1 $15 Bxg5 (18... Bxc3 19. Bxc3 Rxc3 20. Nxe6 $16) 19. Qxg5 Rxc3 (19... Nxc3 20. Qe3 $11) 20. Rxc3 Nxc3 21. Qe3 Qxa2 (21... Nxa2 22. Qxe6 Qb6+ 23. Kh1 $11) 22. Qxc3) 18... Nxf4 (18... Bxc3 19. Bxc3 (19. Nxe6 $2 Qc5+ 20. Nxc5 Bxd2 $19) 19... Rxc3 20. Nxe6 Qb6+ 21. Kh1 Rxc1 22. Rxc1 $14) 19. gxf4 Rfc7 20. Qe3 Qc5 (20... Rxc3 $2 {perishes.} 21. Qxe6+ Kf8 22. Rxc3 (22. Bxc3 Rxc3 23. Rxc3 Qxc3 $18) (22. Qxd6+ Be7 $18) 22... Rxc3 23. Qxd6+ (23. Bxc3 Qc5+ 24. Kh1 Bxc3 $18) 23... Be7 24. Bxc3 Qxc3 25. Qe5 Qc5+ 26. Kh1 $18) 21. Qxc5 {[%emt 0:00:00] Black is clearly winning.} Rxc5 22. Na4 Bxb2 23. Nxc5 dxc5 (23... Rxc5 24. Rxc5 Bd4+ (24... dxc5 $2 25. e3 $19) (24... Nxc5 $2 25. Rd1 $19) 25. Kh1 Bxc5 (25... dxc5 $2 26. e3 $19) 26. Rd1) 24. Rcd1 Bd4+ 25. Kh1 Be3 26. Rd3 Bxf4 27. e3 Nb4 28. Rd2 Bxe3 29. Rd6 Rc6 30. Rd8+ Kf7 31. Rb8 Rc7 {[%emt 0:00:19][%cal Of5f4] And now ...f4! would win.} 32. Rd1 Nc6 33. Rh8 h6 34. f4 Bxf4 {[%emt 0:01:04] ...b5 is the strong threat.} 35. Rf1 Bd6 36. Bh3 Nd4 37. Rd8 Ke7 {[%emt 0:00:29] Weighted Error Value: White=0.52/Black=0.10 (very precise) .  Loses game:     	White=1     	---        Mistake:       	White=3     	Black=1      Inaccurate:     	White=2     	Black=1      OK:         	White=7     	Black=7      Best:        	---       	Black=5      Strong:       	---       	Black=1} 0-1

[Event "XVI Memorial Lezcano Montalvo 2024"]
[Site "Gran Canaria"]
[Date "2024.03.26"]
[Round "4.13"]
[White "Loiacono, Leonardo"]
[Black "Arnaiz Yanes, Miguel Angel"]
[Result "1-0"]
[ECO "C55"]
[WhiteElo "2316"]
[BlackElo "1947"]
[Annotator "RC"]
[PlyCount "63"]
[EventDate "2024.03.23"]
[EventType "swiss"]
[EventCountry "ESP"]
[SourceTitle "playchess.com"]
[Source "ChessBase"]
[SourceQuality "1"]
[TimeControl "5400+30"]

1. e4 e5 2. Bc4 Nc6 3. d3 d6 4. Nf3 h6 5. Nc3 Nf6 6. h3 Na5 7. Be3 Nxc4 8. dxc4 Bd7 9. Qd3 Qe7 10. g4 g5 11. O-O-O Bc6 12. Kb1 Bg7 13. Nd5 Nxd5 14. cxd5 Bd7 15. c4 b6 16. Nd2 O-O 17. Nf1 c5 18. dxc6 Bxc6 19. Ng3 Rfd8 20. Nf5 Qb7 21. f3 b5 22. Nxd6 Rxd6 23. Qxd6 bxc4 24. Ka1 c3 25. bxc3 Bf8 26. Qxe5 Bg7 27. Qa5 Ba4 28. Rd8+ Rxd8 29. Qxd8+ Kh7 30. Bd4 Bc2 31. Bxg7 Kxg7 32. Qd2 1-0

[Event "XVI Memorial Lezcano Montalvo 2024"]
[Site "Gran Canaria"]
[Date "2024.03.26"]
[Round "4.14"]
[White "Camino Carrio, Nicanor"]
[Black "Fiorito, Fabian"]
[Result "0-1"]
[ECO "B41"]
[WhiteElo "1962"]
[BlackElo "2251"]
[Annotator "RC"]
[PlyCount "105"]
[EventDate "2024.03.23"]
[EventType "swiss"]
[EventCountry "ESP"]
[SourceTitle "playchess.com"]
[Source "ChessBase"]
[SourceQuality "1"]
[TimeControl "5400+30"]

1. e4 c5 2. Nf3 e6 3. d4 cxd4 4. Nxd4 a6 5. c4 Nf6 6. Nc3 Qc7 7. a3 b6 8. Bd3 Bc5 9. Nf3 Bb7 10. O-O Nc6 11. b4 Bd6 12. Bd2 Ng4 13. h3 Nge5 14. Nxe5 Nxe5 15. Qe2 O-O 16. Rac1 Nxd3 17. Qxd3 f5 18. exf5 Rxf5 19. Ne4 Bh2+ 20. Kh1 Raf8 21. f3 Be5 22. Be3 Bb2 23. Rcd1 d5 24. Nd2 Be5 25. cxd5 Bxd5 26. Rc1 Qb7 27. Kg1 b5 28. Bc5 R8f7 29. Ne4 h6 30. Rfe1 Qb8 31. Bd4 Bf4 32. Be3 Bh2+ 33. Kh1 Bc4 34. Qd4 Rd5 35. Qb2 Be5 36. Qf2 Rd3 37. Qh4 Rxa3 38. Qg4 Rxe3 39. Rxe3 Bf4 40. Rce1 Bxe3 41. Rxe3 Qe5 42. Re1 Qb2 43. Nd6 Qd2 44. Rxe6 Rf4 45. Re8+ Kh7 46. Qd7 Qc1+ 47. Kh2 Rf6 48. Re7 Qf4+ 49. Kg1 Qd4+ 50. Kh1 Rxd6 51. Re8 Rf6 52. Qd8 Qf4 53. Qd4 0-1

[Event "XVI Memorial Lezcano Montalvo 2024"]
[Site "Gran Canaria"]
[Date "2024.03.26"]
[Round "4.15"]
[White "Martin Ramos, Daniel"]
[Black "Damia, Angelo"]
[Result "1/2-1/2"]
[ECO "B02"]
[WhiteElo "1961"]
[BlackElo "2240"]
[Annotator "RC"]
[PlyCount "43"]
[EventDate "2024.03.23"]
[EventType "swiss"]
[EventCountry "ESP"]
[SourceTitle "playchess.com"]
[Source "ChessBase"]
[SourceQuality "1"]
[TimeControl "5400+30"]

1. e4 Nf6 2. Nc3 d5 3. e5 d4 4. exf6 dxc3 5. fxg7 cxd2+ 6. Qxd2 Qxd2+ 7. Bxd2 Bxg7 8. O-O-O Nc6 9. Bb5 Bf5 10. Ne2 O-O-O 11. Bxc6 bxc6 12. Bc3 e5 13. b3 Rd5 14. Ng3 Bg6 15. Rhe1 Re8 16. Kb2 Re6 17. Nf1 Rxd1 18. Rxd1 Bh6 19. Re1 e4 20. Ne3 f5 21. g3 Bxe3 22. Rxe3 1/2-1/2

[Event "XVI Memorial Lezcano Montalvo 2024"]
[Site "Gran Canaria"]
[Date "2024.03.26"]
[Round "4.16"]
[White "Calzetta Ruiz, Monica"]
[Black "Ramirez Maillo, Juan Adonay"]
[Result "1-0"]
[ECO "B33"]
[WhiteElo "2239"]
[BlackElo "1918"]
[Annotator "RC"]
[PlyCount "49"]
[EventDate "2024.03.23"]
[EventType "swiss"]
[EventCountry "ESP"]
[SourceTitle "playchess.com"]
[Source "ChessBase"]
[SourceQuality "1"]
[TimeControl "5400+30"]

1. e4 c5 2. Nc3 Nc6 3. Nf3 Nf6 4. d4 cxd4 5. Nxd4 e5 6. Ndb5 d6 7. Bg5 a6 8. Na3 Be7 9. Nc4 O-O 10. Bxf6 Bxf6 11. Qxd6 Qxd6 12. Nxd6 Bg5 13. Nxc8 Raxc8 14. Bd3 Nb4 15. Rd1 Rfd8 16. a3 Nc6 17. h4 Bh6 18. Nd5 Kf8 19. O-O Ne7 20. Nb6 Rc6 21. Bb5 Rcd6 22. Nd7+ Ke8 23. Rxd6 axb5 24. Rfd1 Nc6 25. Nc5 1-0

[Event "XVI Memorial Lezcano Montalvo 2024"]
[Site "Gran Canaria"]
[Date "2024.03.26"]
[Round "4.17"]
[White "Hernandez Leon, Alberto"]
[Black "Garbezza, Davide"]
[Result "1-0"]
[ECO "E08"]
[WhiteElo "2207"]
[BlackElo "1888"]
[Annotator "RC"]
[PlyCount "91"]
[EventDate "2024.03.23"]
[EventType "swiss"]
[EventCountry "ESP"]
[SourceTitle "playchess.com"]
[Source "ChessBase"]
[SourceQuality "1"]
[TimeControl "5400+30"]

1. d4 d5 2. c4 e6 3. Nf3 Nf6 4. g3 Bb4+ 5. Bd2 Be7 6. Bg2 O-O 7. O-O Nbd7 8. Qc2 c6 9. Bf4 b6 10. Rd1 a5 11. Nbd2 Ba6 12. e4 Nxe4 13. Nxe4 dxe4 14. Ne5 Nxe5 15. dxe5 Qc7 16. Bxe4 h6 17. h4 Rfd8 18. Qe2 Rxd1+ 19. Rxd1 Rd8 20. Rxd8+ Qxd8 21. Bxc6 Qd4 22. b3 Ba3 23. Qd2 Bb2 24. Qxd4 Bxd4 25. Kf1 Kf8 26. Ke2 Ke7 27. Be3 Bc5 28. g4 f6 29. Bf4 g5 30. exf6+ Kxf6 31. hxg5+ hxg5 32. Bc7 Ke7 33. f3 Bc8 34. Kd3 Bd7 35. Bxd7 Kxd7 36. Be5 Be7 37. Bd4 Bd8 38. Ke4 Kd6 39. Be3 Kc6 40. Ke5 Kd7 41. a4 Bc7+ 42. Kf6 Bd8+ 43. Kg6 Kd6 44. Bxg5 Bxg5 45. Kxg5 Ke5 46. Kh6 1-0

[Event "XVI Memorial Lezcano Montalvo 2024"]
[Site "Gran Canaria"]
[Date "2024.03.26"]
[Round "4.18"]
[White "Hernandez Leon, Sergio"]
[Black "Rivero Tacoronte, Gabriel"]
[Result "1-0"]
[ECO "A06"]
[WhiteElo "2172"]
[BlackElo "1831"]
[Annotator "RC"]
[PlyCount "127"]
[EventDate "2024.03.23"]
[EventType "swiss"]
[EventCountry "ESP"]
[SourceTitle "playchess.com"]
[Source "ChessBase"]
[SourceQuality "1"]
[TimeControl "5400+30"]

1. Nf3 d5 2. b3 c5 3. e3 a6 4. Bb2 Nc6 5. d4 cxd4 6. exd4 Bg4 7. Be2 Nf6 8. O-O e6 9. c4 Be7 10. c5 O-O 11. Nc3 Qc7 12. Na4 Nd7 13. Rc1 Bf6 14. Re1 Bxf3 15. Bxf3 Rfe8 16. Bg4 Rad8 17. a3 Qf4 18. g3 Qh6 19. f4 g6 20. Qd3 Qg7 21. Rcd1 Ne7 22. Bc3 Nf5 23. Kg2 Nb8 24. Bxf5 gxf5 25. Ba5 Rc8 26. Nb6 Rcd8 27. Bc3 Nd7 28. Nxd7 Rxd7 29. Qxf5 exf5 30. Rxe8+ Qf8 31. Rde1 Re7 32. R1xe7 Bxe7 33. Rxf8+ Kxf8 34. Kf3 h5 35. Ba5 Ke8 36. a4 Kd7 37. Be1 Bf6 38. Ke3 Bd8 39. b4 Kc6 40. Kf3 Kd7 41. b5 axb5 42. axb5 Bf6 43. Bf2 Bd8 44. h3 Ke6 45. g4 fxg4+ 46. hxg4 hxg4+ 47. Kxg4 f5+ 48. Kh5 Bc7 49. Kg5 Bd8+ 50. Kg6 Bf6 51. b6 Bd8 52. Be1 Be7 53. Bc3 Bf8 54. Bb4 Be7 55. Kh7 Bd8 56. Kg8 Be7 57. Ba3 Kd7 58. c6+ Kxc6 59. Bxe7 Kxb6 60. Kf7 Kb5 61. Ke6 Kc4 62. Ke5 b6 63. Bd6 b5 64. Bc5 1-0

[Event "XVI Memorial Lezcano Montalvo 2024"]
[Site "Gran Canaria"]
[Date "2024.03.26"]
[Round "4.19"]
[White "Guerrero Orihuela, Jose Luis"]
[Black "Marrero Cardenes, Agustin"]
[Result "1/2-1/2"]
[ECO "E30"]
[WhiteElo "1948"]
[BlackElo "2093"]
[Annotator "NA RC"]
[PlyCount "37"]
[EventDate "2024.03.23"]
[EventType "swiss"]
[EventCountry "ESP"]
[SourceTitle "playchess.com"]
[Source "ChessBase"]
[SourceQuality "1"]
[TimeControl "5400+30"]

1. d4 Nf6 2. c4 e6 3. Nc3 Bb4 4. Bg5 c5 5. d5 exd5 6. cxd5 d6 7. e3 O-O 8. Bd3 Nbd7 9. Nge2 Ne5 10. Bc2 Bg4 11. O-O Bxc3 12. bxc3 h6 $11 13. Bxf6 Qxf6 14. Qd2 Bf3 15. Ng3 h5 16. Bd1 h4 17. gxf3 hxg3 18. fxg3 Nc4 19. Qd3 1/2-1/2

[Event "XVI Memorial Lezcano Montalvo 2024"]
[Site "Gran Canaria"]
[Date "2024.03.26"]
[Round "4.20"]
[White "Perez Bolanos, David"]
[Black "Garcia Rodriguez, Adriana"]
[Result "1-0"]
[ECO "A28"]
[WhiteElo "2053"]
[BlackElo "1854"]
[Annotator "RC"]
[PlyCount "95"]
[EventDate "2024.03.23"]
[EventType "swiss"]
[EventCountry "ESP"]
[SourceTitle "playchess.com"]
[Source "ChessBase"]
[SourceQuality "1"]
[TimeControl "5400+30"]

1. c4 e5 2. Nc3 Nc6 3. Nf3 Nf6 4. e4 Bb4 5. d3 O-O 6. a3 Bxc3+ 7. bxc3 d6 8. g3 Bg4 9. Bg2 h6 10. h3 Be6 11. O-O Ne7 12. Nh4 c6 13. f4 exf4 14. gxf4 Ng6 15. Nf3 Ne7 16. f5 Bd7 17. Qe1 Kh7 18. Nh2 Re8 19. Ng4 Nxg4 20. hxg4 Ng8 21. Qg3 Qf6 22. d4 c5 23. g5 Qe7 24. Bf4 cxd4 25. cxd4 Rac8 26. gxh6 Nxh6 27. Bxd6 Qd8 28. c5 b6 29. Rf4 bxc5 30. dxc5 Qf6 31. Raf1 Bb5 32. R1f2 Rcd8 33. Rh4 Kg8 34. e5 Nxf5 35. exf6 Nxg3 36. Bxg3 Rd3 37. Bd6 Rxa3 38. Rg4 g6 39. Bd5 Ra1+ 40. Kh2 Bd3 41. c6 Ra5 42. Rd4 Ba6 43. Rg2 Rxd5 44. Rxd5 Re6 45. Rf2 Bc8 46. c7 Kh7 47. Bf8 Rc6 48. Rd8 1-0

[Event "XVI Memorial Lezcano Montalvo 2024"]
[Site "Gran Canaria"]
[Date "2024.03.26"]
[Round "4.21"]
[White "de Leon Navarro, Claudio"]
[Black "Perez Bolanos, Joel"]
[Result "1/2-1/2"]
[ECO "D00"]
[WhiteElo "1931"]
[BlackElo "2046"]
[Annotator "RC"]
[PlyCount "44"]
[EventDate "2024.03.23"]
[EventType "swiss"]
[EventCountry "ESP"]
[SourceTitle "playchess.com"]
[Source "ChessBase"]
[SourceQuality "1"]
[TimeControl "5400+30"]

1. d4 Nf6 2. Bf4 d5 3. e3 c5 4. dxc5 Qa5+ 5. Nd2 Nc6 6. Ngf3 Bg4 7. Be2 e6 8. a3 Qxc5 9. O-O Be7 10. b4 Qb6 11. c4 O-O 12. h3 Bh5 13. Ne5 Nxe5 14. Bxe5 Bxe2 15. Qxe2 dxc4 16. Bd4 Qd6 17. Nxc4 Qa6 18. Qd3 Rac8 19. Ne5 Qa4 20. Qd1 Qb5 21. Qd3 Qa4 22. Qd1 Qb5 1/2-1/2

[Event "XVI Memorial Lezcano Montalvo 2024"]
[Site "Gran Canaria"]
[Date "2024.03.26"]
[Round "4.22"]
[White "Broeder, Hans-Gert"]
[Black "Mendez Acosta, Alexander Jesus"]
[Result "0-1"]
[ECO "B22"]
[WhiteElo "1860"]
[BlackElo "2025"]
[Annotator "RC"]
[PlyCount "44"]
[EventDate "2024.03.23"]
[EventType "swiss"]
[EventCountry "ESP"]
[SourceTitle "playchess.com"]
[Source "ChessBase"]
[SourceQuality "1"]
[TimeControl "5400+30"]

1. e4 c5 2. c3 Nf6 3. d3 Nc6 4. f4 d6 5. Nf3 g6 6. Be3 Bg7 7. Nbd2 O-O 8. Be2 b5 9. d4 b4 10. Qa4 Bd7 11. Bb5 bxc3 12. bxc3 Qc7 13. dxc5 a6 14. cxd6 axb5 15. Qxa8 Qxd6 16. e5 Qd3 17. Qxf8+ Bxf8 18. Bd4 Nd5 19. g3 Nxd4 20. Nxd4 Nxc3 21. N2b3 Qe3+ 22. Kf1 Bh3# 0-1